 Dungeon Crawl Stone Soup version 0.22-a0-247-gbddf880757 (webtiles) character file.

3303 Manul the Covert (level 10, -10/51 HPs)
             Began as a Vine Stalker Assassin on Feb 25, 2018.
             Was an Initiate of Gozag.
             Killed from afar by ciphuk's ghost (13 damage)
             ... with a shard of ice
             ... on level 8 of the Dungeon.
             The game lasted 00:10:41 (7204 turns).

Manul the Covert (Vine Stalker Assassin)            Turns: 7204, Time: 00:10:41

Health: -10/51     AC:  9    Str: 15    XL:     10   Next: 1%
Magic:  0/12       EV: 13    Int: 11    God:    Gozag
Gold:   417        SH:  0    Dex: 20    Spells: 9/9 levels left

rFire    . . .     SeeInvis .   s - +2 dagger (drain)
rCold    + . .     Gourm    .   (no shield)
rNeg     . . .     Faith    .   i - +1 ring mail {rC+}
rPois    .         Spirit   +   (no helmet)
rElec    .         Reflect  .   d - +1 cloak
rCorr    .         Harm     .   (no gloves)
MR       ++...                  (no boots)
Stlth    ++++......             o - amulet of rage
HPRegen  0.57/turn              q - +2 ring of strength
MPRegen  0.13/turn              x - ring of protection from magic

@: lethally poisoned (-10 -> -18), gold aura
A: fangs 3, regeneration 1, magic shield, antimagic bite, no potion heal 3, rot
immunity
a: Potion Petition, Call Merchant, Bribe Branch, Renounce Religion, Evoke
Berserk Rage


You were on level 8 of the Dungeon.
You worshipped Gozag.
Gozag was aware of your devotion.
You were very hungry.

You visited 2 branches of the dungeon, and saw 10 of its levels.

You collected 606 gold pieces.
You paid 189 gold pieces to Gozag.

Inventory:

Hand Weapons
 a - a +3 dagger
 b - a +0 blowgun
 n - a +0 rapier
 s - a +2 dagger of draining (weapon)
Missiles
 e - 22 poisoned needles
 w - a curare-tipped needle
Armour
 d - a +1 cloak (worn)
 i - a +1 ring mail of cold resistance (worn)
Jewellery
 m - an uncursed ring of positive energy
 o - an amulet of rage (around neck)
 q - a +2 ring of strength (left hand)
 x - a ring of protection from magic (right hand)
 z - an uncursed ring of protection from fire
Wands
 f - a wand of flame (35)
 u - a wand of paralysis (14)
Scrolls
 h - 2 scrolls of teleportation
 j - 2 scrolls of enchant weapon
 k - 6 scrolls of identify
 t - 2 scrolls of remove curse
Potions
 c - 2 potions of heal wounds {unknown}
 p - 3 potions of flight
 r - a potion of cancellation {unknown}
 v - 4 potions of curing
 A - a potion of haste
Comestibles
 g - 6 rations


   Skills:
 + Level 5.0 Fighting
 + Level 6.8 Short Blades
 - Level 2.2 Throwing
 + Level 4.6 Armour
 + Level 3.5 Dodging
 * Level 10.4 Stealth
 + Level 1.9 Evocations


You had 9 spell levels left.
You didn't know any spells.

Dungeon Overview and Level Annotations

Branches:
Dungeon (9/15)             Temple (1/1) D:6            Lair (0/6) D:8
    Orc: D:9-12

Altars:
Ashenzari
Cheibriados
Dithmenos
Elyvilon
Fedhas
Gozag
Hepliaklqana
Kikubaaqudgha
Makhleb
Nemelex Xobeh
Okawaru
Qazlal
Ru
Trog
Uskayaw
Vehumet
Wu Jian
Xom
Yredelemnul
Zin
The Shining One

Shops:
D:4 !   D:7 }

Annotations:
D:8 ciphuk's ghost, novice OpIE


Innate Abilities, Weirdness & Mutations

You have razor-sharp teeth.
Your natural rate of healing is unusually fast.
When hurt, damage is shared between your health and your magic reserves.
Your bite disrupts and absorbs the magic of your enemies.
Potions cannot restore your health.
You are immune to rotting.


Message History

Ciphuk's ghost hits you but does no damage.
You are lethally poisoned!
* * * LOW HITPOINT WARNING * * *
You feel sick.
The Executioner gives a hideous shriek!
The wight is distracted by your gold.
* * * LOW HITPOINT WARNING * * *
You feel sick.
The wight is no longer distracted by gold.
The wight is distracted by your gold.
* * * LOW HITPOINT WARNING * * *
You feel sick.
The wight is no longer distracted by gold.
There is an open door here.
* * * LOW HITPOINT WARNING * * *
You feel sick.
Ciphuk's ghost stares at you and mumbles some strange words.
The shard of ice hits you! You partially resist.
You die...
Your body crumbles into a pile of gold.

###### #.##### ##.... ###
.....## #....# #A# ......
#....###### ..##.#
####...###._p###.##.# .#
#........#...#..)##.# .#
#........zz.W'...##.# ..###
#............#@..##.##.....
#......###._.###.<.....###.
#.#.###.#.#####...#........
#.#.# .###1# #............
#.#.# .. ####...>#.###....
#.#.# ..# #.####W# ###.
#z#.# .#. ## #.# #.#..
...#######a# #.###
.".p$lp..#o#


You could see an angel, 2 wights, ciphuk's ghost and a neutral freed slave
(wandering).

Vanquished Creatures
  Pikel (D:8)
  The ghost of roguesci the Changer, a novice NaTm (D:5)
  Grinder (D:3)
  Duvessa (D:7)
  2 orc warriors
  2 ice beasts
  A phantom (D:6)
  2 ogres
  3 centaurs
  A bullfrog (D:7)
  A wyvern zombie (D:7)
  Dowan (D:7)
  2 scorpions
  2 howler monkeys
  2 crimson imps
  4 hounds
  7 orc priests
  3 iguanas
  5 orc wizards
  Terence (D:2)
  4 worker ants
  A hound skeleton (D:6)
  3 gnolls (D:5)
  8 adders
  2 shadow imps (D:6)
  An adder skeleton (D:7)
  A worm (D:3)
  3 dart slugs
  4 leopard geckos
  29 orcs
  7 giant cockroaches
  6 goblins (D:1)
  13 hobgoblins
  4 jackals (D:1)
  2 ball pythons
  5 bats
  6 frilled lizards
  A giant cockroach zombie (D:5)
  7 kobolds
  A quokka zombie (D:5)
  5 rats
156 creatures vanquished.

Vanquished Creatures (others)
  An orc wizard (D:8)
  An iguana (D:8)
  An adder (D:8)
  A shadow imp (D:8)
  2 orcs (D:8)
  A hobgoblin (D:3)
  A quokka (D:3)
8 creatures vanquished.

Grand Total: 164 creatures vanquished

Notes
Turn   | Place    | Note
-------+----------+-------------------------------------------
     0 | D:1      | Manul the Vine Stalker Assassin began the quest for the Orb.
     0 | D:1      | Reached XP level 1. HP: 11/11 MP: 2/2
    32 | D:1      | Reached skill level 5 in Stealth
    48 | D:1      | Reached XP level 2. HP: 12/15 MP: 3/3
   501 | D:1      | Reached XP level 3. HP: 15/18 MP: 4/4
  1404 | D:2      | Noticed Terence
  1411 | D:2      | Killed Terence
  1411 | D:2      | Reached skill level 1 in Dodging
  1411 | D:2      | Reached skill level 6 in Stealth
  1411 | D:2      | Gained mutation: Your natural rate of healing is unusually fast. [Vine Stalker growth]
  1411 | D:2      | Reached XP level 4. HP: 2/23 MP: 1/5
  1529 | D:2      | Found a sparkling altar of Nemelex Xobeh.
  2227 | D:3      | Found a shattered altar of Ashenzari.
  2233 | D:3      | Found a sacrificial altar of Ru.
  2234 | D:3      | Found a hazy altar of Hepliaklqana.
  2279 | D:3      | Found a white marble altar of Elyvilon.
  2281 | D:3      | Noticed Grinder
  2285 | D:3      | Reached XP level 5. HP: 17/26 MP: 4/6
  2287 | D:3      | Paralysed by Grinder for 3 turns
  2323 | D:3      | Paralysed by Grinder for 4 turns
  2329 | D:3      | Killed Grinder
  2329 | D:3      | Reached skill level 7 in Stealth
  2329 | D:3      | Reached XP level 6. HP: 13/32 MP: 2/7
  2764 | D:4      | Reached XP level 7. HP: 19/35 MP: 6/8
  3194 | D:4      | Found Ybylidgh's Distillery.
  3703 | D:4      | Reached skill level 8 in Stealth
  4090 | D:5      | Entered Level 5 of the Dungeon
  4264 | D:5      | Reached skill level 5 in Short Blades
  4264 | D:5      | Reached skill level 1 in Armour
  4264 | D:5      | Gained mutation: You have razor-sharp teeth. [Vine Stalker growth]
  4264 | D:5      | Reached XP level 8. HP: 4/40 MP: 2/9
  4499 | D:5      | Noticed roguesci's ghost (novice NaTm)
  4525 | D:5      | Killed roguesci's ghost
  4625 | D:5      | Found an iron altar of Okawaru.
  4734 | D:5      | Found a glowing drain.
  4762 | D:5      | Reached skill level 1 in Evocations
  5238 | D:6      | Reached XP level 9. HP: 46/46 MP: 10/10
  5541 | D:6      | You fall through a shaft for 3 floors!
  5586 | D:8      | Found a staircase to the Lair.
  5588 | D:8      | Found a burning altar of Makhleb.
  5588 | D:8      | Found a glowing silver altar of Zin.
  5589 | D:8      | Noticed an angel
  5589 | D:8      | Noticed an Executioner
  5641 | D:7      | Noticed Duvessa
  5819 | D:6      | Found a staircase to the Ecumenical Temple.
  5843 | Temple   | Entered the Ecumenical Temple
  5926 | Temple   | Became a worshipper of Gozag Ym Sagoz the Greedy
  6355 | D:7      | Noticed Dowan
  6375 | D:7      | Killed Duvessa
  6378 | D:7      | Killed Dowan
  6538 | D:7      | Reached skill level 9 in Stealth
  6659 | D:7      | Found Zuageucw's Gadget Emporium.
  7131 | D:8      | Noticed Pikel
  7167 | D:8      | Killed Pikel
  7167 | D:8      | Reached skill level 5 in Fighting
  7167 | D:8      | Reached skill level 10 in Stealth
  7167 | D:8      | Reached XP level 10. HP: 14/51 MP: 6/12
  7175 | D:8      | Noticed ciphuk's ghost (novice OpIE)
  7204 | D:8      | Killed from afar by ciphuk's ghost

Vault maps used:
D:1:      roderic_octagonal_star
D:2:      roderic_roman_lattice, lemuel_statue_altar, uniq_terence
D:3:      cheibrodos_ashenzari_chains, grunt_temple_overflow_open, first_ration,
          elyvilon_altar_4, uniq_grinder
D:4:      serial_shops, shop_fountains
D:5:      nicolae_overflow_hidden_temple, portal_sewer_entry_d
D:6:      minmay_temple_entry_large_hall
D:7:      serial_shops, nicolae_shop_statue_plus, uniq_duvessa
D:8:      grunt_temple_overflow_order_and_chaos_2, lair_entry_dummy,
          tgw_kikubaaqudgha, uniq_erica, uniq_pikel, uniq_grum
Temple:   eino_temple_scatter_basement

Skill      XL: |  1  2  3  4  5  6  7  8  9 |
---------------+----------------------------+-----
Stealth        | 5 6 7 8 10 | 10.4
Short Blades   | 2 3 4 5 6 |  6.8
Fighting       | 2 3 4 5 |  5.0
Dodging        | 1 2 3 |  3.5
Armour         | 1 3 4 |  4.6
Throwing       | 2 |  2.2
Evocations     | 1 |  1.9

Action                   |  1- 3 |  4- 6 |  7- 9 | 10-12 || total
-------------------------+-------+-------+-------+-------++-------
Melee: Dagger            |    82 |    43 |   415 |     6 ||   546
       Bite              |    21 |    23 |   156 |     3 ||   203
       Rapier            |     5 |    49 |       |       ||    54
 Fire: Blowgun           |       |       |     8 |       ||     8
 Abil: Evoke Berserk Rag |       |       |     3 |       ||     3
Evoke: Wand              |       |     3 |     4 |       ||     7
  Use: Scroll            |       |    11 |     2 |     1 ||    14
 Stab: Sleeping          |     3 |    10 |    15 |       ||    28
       Distracted        |     1 |       |     2 |       ||     3
  Eat: Chunk             |     1 |     5 |    12 |       ||    18
       Ration            |       |       |     1 |       ||     1
Armor: Robe              |    18 |    13 |     8 |       ||    39
       Ring mail         |       |       |   125 |     7 ||   132
Dodge: Dodged            |    40 |    59 |   208 |     7 ||   314

Table legend:
 A = Spawn XP
 B = Non-spawn XP
 C = Spawn XP percentage of total XP
 D = Spawn monster count
 E = Non-spawn monster count
 F = Spawn count percentage of total count
 G = Total turns spent on level
                    A         B        C        D         E        F      G
               +---------+---------+-------+---------+---------+-------+---------
         Total |       0 |    4719 |   0.0 |       0 |     156 |   0.0 |  7204
               +---------+---------+-------+---------+---------+-------+---------
           D:1 |       0 |      52 |   0.0 |       0 |      29 |   0.0 |  1262
           D:2 |       0 |      48 |   0.0 |       0 |       8 |   0.0 |   684
           D:3 |       0 |     375 |   0.0 |       0 |      22 |   0.0 |   707
           D:4 |       0 |     515 |   0.0 |       0 |      19 |   0.0 |  1437
           D:5 |       0 |    1316 |   0.0 |       0 |      35 |   0.0 |  1126
           D:6 |       0 |     637 |   0.0 |       0 |      14 |   0.0 |   720
           D:7 |       0 |     595 |   0.0 |       0 |      15 |   0.0 |   994
           D:8 |       0 |    1078 |   0.0 |       0 |       8 |   0.0 |   127
           D:9 |       0 |     103 |   0.0 |       0 |       6 |   0.0 |    45
               +---------+---------+-------+---------+---------+-------+---------
